Map: Orbital Shipyard

Players

yupWildCard

  • Race: Zerg Zerg
  • League: Diamond

NightEnD - Winner!

  • Race: Protoss Protoss
  • League: Master

Event: ASL Season 5 Prime League LOTV Beta

VOD

Have the link to the VOD?

Description

Time

  • Played on: Sept. 8, 2015, 9:29 p.m.
  • Length: 6:50

All games in this series

Show
View Real Time Build Order
Export as new Build Order

yupWildCard Zerg 

Build Orders: Hatch First 

Get SALT Encoding   

  12  0:00  Drone  
  13  0:08  Drone  
  14  0:16  Overlord  
  14  0:22  Drone, Extractor  
  15  0:34  Drone  
  15  0:35  Drone  
  17  0:45  Drone  
  18  0:55  Hatchery  
  17  0:57  Drone  
  18  1:06  Drone  
  19  1:14  Spawning Pool  
  19  1:16  Drone  
  19  1:26  Drone  
  19  1:31  Extractor  
  19  1:38  Drone  
  20  1:51  Drone  
  21  2:01  Roach Warren, Queen  
  21  2:05  Overlord  
  21  2:07  Queen  
  24  2:09  Drone  
  24  2:10  Drone  
  26  2:25  Overlord  
  26  2:37  Queen  
  26  2:41  Roach  
  26  2:42  Roach x3  
  36  2:46  Roach  
  36  2:50  Drone  
  39  2:54  Overlord  
  39  3:06  Drone x2  
  39  3:08  Drone x3  
  44  3:13  Drone  
  45  3:21  Lair  
  45  3:23  Overlord  
  45  3:25  Drone  
  46  3:27  Drone  
  46  3:29  Drone  
  46  3:32  Drone  
  49  3:35  Overlord  
  49  3:41  Drone x3  
  52  3:43  Drone  
  54  3:48  Drone x3  
  54  3:59  Burrow  
  54  4:00  Drone x3  
  54  4:02  Extractor  
  54  4:03  Extractor  
  54  4:05  Extractor  
  52  4:11  Drone x2  
  52  4:16  Drone x2  
  52  4:17  Drone  
  57  4:26  Drone x3  
  57  4:28  Glial Reconstitution  
  57  4:29  Overlord x2  
  57  4:30  Overlord  
  60  4:40  Roach x2  
  64  4:50  Hatchery  
  64  4:51  Roach x4  
  75  5:00  Roach x3  
  75  5:01  Roach  
  79  5:10  Roach  
  81  5:17  Evolution Chamber  
  81  5:18  Roach x4  
  88  5:25  Roach x2  
  88  5:27  Overlord x2  
  92  5:32  Roach  
  92  5:33  Roach x2  
  92  5:42  Roach x2  
  92  5:45  Roach x3  
  96  5:51  Roach x2  
  96  5:53  Roach x2  
  96  5:55  Roach x2  
  96  5:56  Roach x5  
  100  5:58  Roach x2  
  94  6:06  Roach x12  
  94  6:09  Roach  
  78  6:14  Roach  
  78  6:15  Roach x11  
  78  6:16  Roach  
  64  6:21  Roach  
  64  6:22  Roach x5  
  70  6:30  Roach x2  
Show
View Real Time Build Order
Export as new Build Order

NightEnD Protoss - Winner!

Build Orders: 1 Gate Expand 

Get SALT Encoding   

  12  0:00  Probe (Chrono Boost)  
  13  0:10  Probe (Chrono Boost)  
  14  0:18  Pylon  
  14  0:21  Probe (Chrono Boost)  
  15  0:36  Probe (Chrono Boost)  
  15  0:38  Gateway  
  16  0:46  Probe (Chrono Boost)  
  17  0:56  Probe (Chrono Boost)  
  18  1:06  Probe (Chrono Boost)  
  19  1:15  Nexus  
  19  1:17  Probe (Chrono Boost)  
  20  1:25  Assimilator  
  20  1:29  Probe (Chrono Boost), Assimilator  
  21  1:39  Probe (Chrono Boost), Pylon  
  22  1:49  Probe (Chrono Boost)  
  22  1:53  Cybernetics Core  
  23  1:59  Probe (Chrono Boost)  
  24  2:09  Probe (Chrono Boost)  
  25  2:19  Probe (Chrono Boost)  
  26  2:27  Probe (Chrono Boost)  
  27  2:31  Mothership Core (Chrono Boost)  
  27  2:32  Robotics Facility  
  29  2:37  Probe (Chrono Boost)  
  29  2:39  Warp Gate  
  30  2:47  Gateway  
  30  2:48  Probe (Chrono Boost)  
  30  2:50  Probe (Chrono Boost)  
  32  2:52  Adept  
  32  2:57  Pylon  
  34  2:59  Probe (Chrono Boost)  
  34  3:04  Probe (Chrono Boost)  
  36  3:10  Probe (Chrono Boost)  
  37  3:14  Probe (Chrono Boost)  
  37  3:17  Immortal (Chrono Boost)  
  42  3:27  Adept  
  42  3:28  Probe  
  42  3:30  Probe  
  46  3:35  Adept  
  46  3:38  Probe  
  49  3:42  Probe  
  50  3:48  Pylon  
  50  3:51  Immortal (Chrono Boost)  
  52  4:07  Adept x2  
  56  4:10  Gateway  
  56  4:14  Gateway  
  56  4:15  Gateway  
  56  4:22  Gateway  
  56  4:24  Warp Prism (Chrono Boost)  
  56  4:27  Pylon  
  58  4:46  Adept x2  
  58  4:50  Pylon  
  62  4:53  Pylon  
  62  5:01  Pylon  
  62  5:08  Adept x2  
  62  5:09  Adept x2  
  62  5:10  Adept  
  72  5:30  Gateway, Adept x6  
  84  5:37  Gateway  
  80  5:51  Adept x5  
  80  5:52  Adept  
  80  5:57  Observer (Chrono Boost)  
  71  6:12  Adept x6  
  71  6:34  Adept x4  
  71  6:35  Adept x2  
  81  6:41  Adept x2  
Tags
 
Add a new tag
Caveats
  • Supply blocks, unpowered buildings, or Contaminate may cause inaccurate times.
  • Supply counts are checked every 10 seconds.